 Dungeon Crawl Stone Soup version 0.18-a0-731-ga019a5f (webtiles) character file.

53 4thArraOfDagon the Firebug (level 3, -2/19 HPs)
             Began as a Deep Elf Fire Elementalist on Dec 9, 2015.
             Slain by a hippogriff (5 damage)
             ... on level 5 of the Dungeon.
             The game lasted 00:01:53 (320 turns).

4thArraOfDagon the Firebug (DEFE)                    Turns: 320, Time: 00:01:53

Health: -2/19      AC:  3    Str:  5    XL:     3   Next: 64%
Magic:  5/10       EV: 13    Int: 20    God:
Gold:   26         SH:  0    Dex: 15    Spells: 2 memorised, 5 levels left

rFire  . . .     SeeInvis .     (no weapon)
rCold  . . .     Clarity  .     a - +0 robe
rNeg   . . .     SustAt   .     (no shield)
rPois  .         Gourm    .     (no helmet)
rElec  .         Spirit   .     g - +0 cloak
rCorr  .         Dismiss  +     (no gloves)
rMut   .         Stasis   .     (no boots)
MR     .....                    h - amulet of dismissal
Stlth  ++........               (no ring)
                                (no ring)

@: very slightly contaminated, not resistant to hostile enchantments, unstealthy
A: no striking features
a: no special abilities


You were on level 5 of the Dungeon.
You were not hungry.

You visited 1 branch of the dungeon, and saw 5 of its levels.

You collected 26 gold pieces.

Inventory:

Armour
 a - a +0 robe (worn)
 g - a +0 cloak (worn)
Jewellery
 h - an amulet of dismissal (around neck)
Wands
 d - a wand of frost (7)
Potions
 e - 2 potions of brilliance {unknown}
 f - 2 potions of ambrosia {unknown}
 i - a potion of flight {unknown}
Books
 b - a book of Flames

   Spells                             Type                      Level
   a - Flame Tongue                   Conjuration/Fire             1
   b - Throw Flame                    Conjuration/Fire             2
   c - Conjure Flame                  Conjuration/Fire             3
   d - Inner Flame                    Hexes/Fire                   3
   e - Sticky Flame                   Conjuration/Fire             4
   f - Fireball                       Conjuration/Fire             5
Comestibles
 c - 2 bread rations


   Skills:
 - Level 2.4 Dodging
 - Level 2.4 Stealth
 + Level 3.5 Spellcasting
 * Level 2.6 Conjurations
 * Level 4.1 Fire Magic


You had 5 spell levels left.
You knew the following spells:

 Your Spells              Type           Power        Failure   Level  Hunger
a - Flame Tongue          Conj/Fire      ###..        3%          1    None
b - Conjure Flame         Conj/Fire      ###.....     12%         3    ###....


Dungeon Overview and Level Annotations

Branches:
Dungeon (5/15)
 Temple: D:4-7

Altars:

Annotations:
D:4 Eustachio


Message History

You miscast Flame Tongue.
You are very lightly contaminated with residual magic.
You smell smoke.
The hippogriff is engulfed in roaring flames.
The hippogriff bites you!
* * * LOW HITPOINT WARNING * * *
The hippogriff pecks you.
* * * LOW HITPOINT WARNING * * *
The hippogriff closely misses you.
Unknown command.
Casting: Flame Tongue
Confirm with . or Enter, or press ? or * to list all spells.
Aiming: Flame Tongue
Press: ? - help, Shift-Dir - straight line, f/p - hippogriff
Aim: a hippogriff (flame, heavily wounded)
The flame tongue hits the hippogriff.
The hippogriff is heavily wounded.
The hippogriff is engulfed in roaring flames.
The hippogriff bites you.
You die...

#.#.#
#.#.############
#.#............#
#<###########.##
### #.# #.#
.#### #.#
......######.#
#...(H@..#
#..####### #..
#.. ... ###. ..
##


You could see a hippogriff.

Vanquished Creatures
  A scorpion (D:4)
  An adder skeleton (D:4)
  A goblin (D:2)
  A hobgoblin (D:2)
  A rat (D:3)
5 creatures vanquished.

Notes
Turn   | Place    | Note
--------------------------------------------------------------
     0 | D:1      | 4thArraOfDagon the Deep Elf Fire Elementalist began the quest for the Orb.
     0 | D:1      | Reached XP level 1. HP: 10/10 MP: 6/6
   140 | D:4      | Noticed Eustachio
   187 | D:4      | Noticed a scorpion
   195 | D:4      | Killed a scorpion
   195 | D:4      | Reached skill level 4 in Fire Magic
   195 | D:4      | Reached XP level 2. HP: 6/15 MP: 3/8
   195 | D:4      | Reached XP level 3. HP: 7/19 MP: 3/10
   200 | D:4      | Learned a level 3 spell: Conjure Flame
   285 | D:5      | Entered Level 5 of the Dungeon
   313 | D:5      | Noticed a hippogriff
   320 | D:5      | Slain by a hippogriff

Vault maps used:
D:1:      eino_arrival_water_cross
D:2:      first_bread, minivault_27, st_stairs_11, elyvilon_altar_1
D:3:      lemuel_blue_sif_altar
D:4:      lemuel_round_altar, uniq_eustachio
D:5:      forest_paths, minmay_statues_item, uniq_menkaure

Action                   || total
-------------------------++-------
Melee: Unarmed           ||     1
 Cast: Flame Tongue      ||    14
       Conjure Flame     ||     1
Evoke: Wand              ||     5
  Use: Scroll            ||     2
